 Dungeon Crawl Stone Soup version 0.27-a0-1565-gad902ab807 (webtiles) character file.

Game seed: 2992507962979640618

16178 DeathBySnail the Bludgeoner (level 12, -31/107 HPs)
             Began as a Minotaur Berserker on July 13, 2021.
             Was the Champion of Trog.
             Annihilated by an enormous slime creature (53 damage)
             ... on level 13 of the Dungeon on July 16, 2021.
             The game lasted 00:29:29 (14293 turns).

DeathBySnail the Bludgeoner (Minotaur Berserker)   Turns: 14293, Time: 00:29:29

Health: -31/107    AC: 19    Str: 32    XL:     12   Next: 7%
Magic:  0/11       EV: 14    Int:  4    God:    Trog [******]
Gold:   910        SH:  0    Dex: 11    Spells: 11/11 levels left

rFire    . . .     SeeInvis .   S - +1 great mace (flame)
rCold    . . .     Faith    .   (shield currently unavailable)
rNeg     . . .     Spirit   +   F - +2 plate armour
rPois    .         Reflect  .   (helmet restricted)
rElec    .         Harm     .   r - +0 cloak
rCorr    .         Rampage  .   (no gloves)
Will     .....                  (no boots)
Stlth    ..........             d - amulet of guardian spirit
HPRegen  0.27/turn              n - +4 ring of evasion
MPRegen  0.12/turn              G - +6 ring of strength

@: about to teleport
A: horns 2, retaliatory headbutt
a: Renounce Religion, Berserk, Trog's Hand, Brothers in Arms


You were on level 13 of the Dungeon.
You worshipped Trog.
Trog was exalted by your worship.
You visited 1 branch of the dungeon, and saw 13 of its levels.

You collected 936 gold pieces.
You spent 26 gold pieces at shops.

Inventory:

Hand Weapons
 a - a +3 mace of venom
 s - a +0 flail
 z - the +7 hand axe "Heogom" {vorpal, rC+ Stlth+}
   (You found it on level 8 of the Dungeon)

   It inflicts extra damage upon your enemies.
   rC:        It protects you from cold.
   Stlth:     It makes you more stealthy.
 S - a +1 great mace of flaming (weapon)
Missiles
 J - a curare-tipped dart (quivered)
 K - a throwing net
Armour
 k - a +0 chain mail
 m - a +2 ring mail
 r - a +0 cloak (worn)
 y - a +0 scale mail
 F - a +2 plate armour (worn)
Magical Staves
 w - a staff of earth
Jewellery
 d - an amulet of guardian spirit (around neck)
 n - a +4 ring of evasion (left hand)
 o - a +4 ring of evasion
 x - a ring of fire
 G - a +6 ring of strength (right hand)
 L - an amulet of faith
Wands
 b - a wand of iceblast (10)
 f - a wand of digging (12)
 h - a wand of flame (22)
 i - a wand of polymorph (10)
 u - a wand of charming (14)
 H - a wand of mindburst (26)
 I - a wand of acid (13)
Scrolls
 c - 2 scrolls of blinking
 e - 3 scrolls of magic mapping
 g - 2 scrolls of teleportation
 j - 3 scrolls of amnesia
 t - a scroll of silence {unknown}
 C - 2 scrolls of vulnerability
 D - a scroll of holy word {unknown}
 E - a scroll of enchant armour
 N - a scroll of brand weapon
 O - a scroll of summoning {unknown}
 Q - a scroll of fear
 R - 2 scrolls of enchant weapon
 W - a scroll of identify
Potions
 l - a potion of cancellation {unknown}
 p - 2 potions of might {unknown}
 q - a potion of degeneration {unknown}
 v - a potion of brilliance {unknown}
 A - a potion of magic {unknown}
 B - a potion of ambrosia {unknown}
 M - a potion of berserk rage {unknown}
 P - a potion of invisibility {unknown}
 T - a potion of lignification {unknown}
 U - a potion of resistance {unknown}
 V - a potion of heal wounds {unknown}


   Skills:
 + Level 10.5 Fighting
 * Level 15.6 Maces & Flails
 + Level 13.0 Armour
 + Level 5.4 Dodging


You had 11 spell levels left.
You didn't know any spells.
Your spell library contained the following spells:

 Spells                   Type           Power      Damage    Failure   Level
 Ozocubu's Armour         Ice            0%         N/A       100%        3
 Ozocubu's Refrigeration  Ice            0%         4d5       100%        7


Dungeon Overview and Level Annotations

Branches:
Dungeon (13/15)            Temple (0/1) D:6            Lair (0/6) D:10
    Orc (0/2) D:10
 Vaults: D:13-14

Altars:
Cheibriados
Okawaru
Sif Muna
Uskayaw
Vehumet
Xom
The Shining One

Shops:
D:2 =   D:6 (   D:11 **

Annotations:
D:13 Azrael


Innate Abilities, Weirdness & Mutations

You have a pair of horns on your head.
You reflexively headbutt those who attack you in melee.


Message History

You destroy the fire elemental!
Trog accepts your kill. The large slime creature hits you!
The fire elemental misses you. You furiously retaliate!
You headbutt the fire elemental!! You closely miss the fire elemental.
You headbutt the fire elemental!
The fire elemental is almost destroyed.
Two slime creatures merge to form a very large slime creature.
A slime creature comes into view. x2
The fire elemental closely misses you. You furiously retaliate!
You headbutt the fire elemental.
You destroy the fire elemental!
Trog accepts your kill.
You bludgeon the very large slime creature!!
You burn the very large slime creature.
The very large slime creature is severely wounded.
Azrael the Boundless Flame comes into view.
He is wielding a +0 scimitar of flaming.
Two slime creatures merge to form an enormous slime creature.
You bludgeon the enormous slime creature!!
You burn the enormous slime creature!
You headbutt the enormous slime creature!
The enormous slime creature is severely wounded.
The hell hound bites you but does no damage.
A slime creature suddenly becomes a large slime creature.
The hell hound misses you.
You sock the enormous slime creature! You burn the enormous slime creature.
The enormous slime creature is almost dead.
The enormous slime creature hits you!! The hell hound completely misses you.
You bludgeon the enormous slime creature!!
You burn the enormous slime creature.
The enormous slime creature is almost dead.
A hell hound comes into view.
The hell hound bites you but does no damage.
The enormous slime creature hits you!!!
* * * LOW HITPOINT WARNING * * *
You hear a shout!
Okay, then.
As you read the scroll of teleportation, it crumbles to dust.
You feel strangely unstable. The hell hound misses you.
The enormous slime creature hits you!!!
You die...

.............############
.........................
..>.....#################
######..# #..# #..# #..#
#####..########
........@hER○☼°.
#########J...h.○ ....$..
J...... [...... .......
....... ....)..


You could see Azrael, an enormous slime creature, a large slime creature, a fire
elemental and 2 hell hounds.

Vanquished Creatures
  2 boulder beetles
  A death knight (D:12)
  A deep elf pyromancer (D:12)
  An ugly thing (D:12)
  2 manticores (D:11)
  A spectral centaur (D:11)
  A centaur skeleton (D:11)
  3 komodo dragons (D:10)
  2 trolls (D:11)
  Grinder (D:6)
  A wyvern (D:9)
  3 wraiths
  17 yaks
  2 fire elementals (D:13)
  3 vampire mosquitoes (D:11)
  2 steam dragons (D:7)
  3 acid dragons
  2 water moccasins
  5 orc warriors
  3 sky beasts (D:7)
  Purgy (D:4)
  A hornet zombie (D:5)
  3 necrophages
  A swamp drake (D:10)
  4 ogres
  2 centaurs
  A phantom (D:5)
  6 kobold brigands
  2 wyvern zombies
  A bullfrog (D:7)
  3 gnoll sergeants
  A scorpion (D:5)
  A water moccasin skeleton (D:6)
  5 killer bees (D:11)
  7 howler monkeys
  7 centaur zombies
  A bullfrog zombie (D:5)
  A bullfrog skeleton (D:3)
  A gnoll shaman (D:7)
  6 orc priests
  A hound (D:5)
  2 jellies
  An iguana (D:6)
  11 orc wizards
  A scorpion zombie (D:5)
  A killer bee zombie (D:6)
  A hound zombie (D:5)
  2 howler monkey skeletons
  11 adders
  16 gnolls
  2 white imps
  An ufetubus (D:4)
  5 worms
  4 dart slugs
  40 orcs
  6 ball pythons
  4 endoplasms
  3 giant cockroaches
  7 hobgoblins
  7 jackals
  2 quokkas
  2 bats
  2 frilled lizards
  3 goblins
  41 kobolds
  5 rats
292 creatures vanquished.

Vanquished Creatures (others)
  An orc wizard (D:10)
1 creature vanquished.

Grand Total: 293 creatures vanquished

Notes
Turn   | Place    | Note
-------+----------+-------------------------------------------
     0 | D:1      | DeathBySnail the Minotaur Berserker began the quest for the
                  | Orb.
     0 | D:1      | Reached XP level 1. HP: 19/19 MP: 0/0
    90 | D:1      | Reached skill level 4 in Maces & Flails
   125 | D:1      | Reached XP level 2. HP: 22/26 MP: 1/1
   213 | D:1      | You fall into a shaft and drop 1 floor!
   227 | D:2      | Found a shimmering altar of Xom.
   368 | D:2      | Reached skill level 5 in Maces & Flails
   368 | D:2      | Reached XP level 3. HP: 23/31 MP: 2/2
   566 | D:2      | Reached ** piety under Trog
   691 | D:2      | Found Pelont's Jewellery Emporium.
  1340 | D:2      | Upgraded the game from 0.27-a0-1548-gf8a67e7463 to
                  | 0.27-a0-1565-gad902ab807
  1348 | D:2      | Reached XP level 4. HP: 33/39 MP: 3/3
  1426 | D:2      | Reached skill level 6 in Maces & Flails
  2330 | D:3      | Reached skill level 7 in Maces & Flails
  2330 | D:3      | Reached XP level 5. HP: 39/45 MP: 2/4
  3551 | D:4      | Identified the +0 helmet "Ylitoawn" {rElec rF+ Dex+4}
  3664 | D:4      | Noticed Purgy
  3670 | D:4      | Killed Purgy
  3671 | D:4      | Reached skill level 8 in Maces & Flails
  3671 | D:4      | Reached XP level 6. HP: 51/51 MP: 3/5
  3726 | D:4      | Reached *** piety under Trog
  3945 | D:4      | Found a shimmering blue altar of Sif Muna.
  4136 | D:5      | Entered Level 5 of the Dungeon
  4156 | D:5      | Reached skill level 9 in Maces & Flails
  4442 | D:5      | Reached XP level 7. HP: 56/58 MP: 6/6
  4655 | D:5      | Reached skill level 10 in Maces & Flails
  5242 | D:5      | Reached XP level 8. HP: 66/67 MP: 7/7
  5745 | D:6      | Reached **** piety under Trog
  5894 | D:6      | Reached skill level 5 in Armour
  5897 | D:6      | Reached skill level 11 in Maces & Flails
  6176 | D:6      | Found a staircase to the Ecumenical Temple.
  6249 | D:6      | Found an iron altar of Okawaru.
  6375 | D:6      | Reached skill level 5 in Fighting
  6436 | D:6      | Found Lecicw's Antique Weapon Shop.
  6439 | D:6      | Noticed Grinder
  6442 | D:6      | Paralysed by Grinder for 6 turns
  6456 | D:6      | Killed Grinder
  6457 | D:6      | Reached XP level 9. HP: 58/74 MP: 8/8
  6801 | D:7      | Reached skill level 12 in Maces & Flails
  7855 | D:8      | Reached ***** piety under Trog
  7860 | D:8      | Reached skill level 5 in Dodging
  8244 | D:8      | Reached skill level 13 in Maces & Flails
  8323 | D:8      | Identified the +7 hand axe "Heogom" {vorpal, rC+ Stlth+}
  8672 | D:9      | Reached XP level 10. HP: 84/84 MP: 9/9
  8757 | D:9      | Found a snail-covered altar of Cheibriados.
  9175 | D:9      | Found a glowing golden altar of the Shining One.
  9899 | D:10     | Entered Level 10 of the Dungeon
  9912 | D:10     | Found Mafaodd's Sacrilege Store.
 10035 | D:10     | Reached skill level 10 in Armour
 10138 | D:10     | Reached skill level 14 in Maces & Flails
 10432 | D:10     | Found a staircase to the Lair.
 10795 | D:10     | Reached XP level 11. HP: 85/95 MP: 7/10
 10919 | D:10     | Found a staircase to the Orcish Mines.
 11061 | D:10     | You fall into a shaft and drop 1 floor!
 11396 | D:11     | Noticed a boulder beetle
 11405 | D:11     | Killed a boulder beetle
 11527 | D:11     | Reached ****** piety under Trog
 11550 | D:11     | Found a radiant altar of Vehumet.
 11683 | D:11     | Found Noidire's Specific Store.
 11860 | D:11     | Found Koycs's General Store.
 11868 | D:11     | Bought a scroll of identify for 26 gold pieces
 12435 | D:11     | Received a gift from Trog
 12440 | D:11     | Reached skill level 10 in Fighting
 12446 | D:11     | Reached skill level 15 in Maces & Flails
 12613 | D:12     | Noticed a +0 dagger
 12613 | D:12     | Noticed a +0 hand axe
 12617 | D:12     | Found a hide-covered altar of Uskayaw.
 12686 | D:12     | Noticed a boulder beetle
 12701 | D:12     | Killed a boulder beetle
 12728 | D:12     | Noticed a death knight
 12743 | D:12     | Killed a death knight
 13150 | D:12     | Noticed a deep elf pyromancer
 13153 | D:12     | Killed a deep elf pyromancer
 13189 | D:12     | Noticed a red ugly thing
 13198 | D:12     | Killed a red ugly thing
 13474 | D:12     | Reached XP level 12. HP: 101/107 MP: 9/11
 14289 | D:13     | Noticed Azrael
 14293 | D:13     | Annihilated by an enormous slime creature

Illustrated notes

Levels and vault maps discovered:
D:1:      co_arrival_random_square_maze, layout_basic,
          dreamdust_ecumenical_altar_angels_and_demons
D:2:      layout_basic, basic_altar, serial_shops, nicolae_lakefront_shop,
          amcnicky_mini_corridor_feature
D:3:      layout_basic, portal_sewer_entry_d
D:4:      layout_cave_pods, led_sif_pool, uniq_purgy
D:5:      layout_basic, roderic_three_in_a_row
D:6:      layout_rooms, mainiacjoe_overflow_24_doors, minmay_temple_entry_glass,
          serial_shops, nicolae_square_shop, minmay_tree_intersection,
          hangedman_abyss_or_decor_stabs, uniq_grinder
D:7:      layout_rooms, hangedman_misty_isle
D:8:      layout_rooms
D:9:      layout_loops_corners, nicolae_overflow_hidden_temple,
          kennysheep_slug_shrine
D:10:     layout_stronghold, erik_lair_dragon, minmay_orc_entry_temple_small,
          nicolae_evil_shop
D:11:     layout_loops_ring, portal_ice_cave_entry_pillars_1,
          nicolae_specific_store, hangedman_weighted_door, vehumet_altar_wand_db
D:12:     layout_grid_maze, dancing_weapons_uskayaw
D:13:     layout_long_grid, lightli_vaults_fourway_checkpoint,
          kennysheep_nondescript, uniq_azrael

Skill      XL: |  1  2  3  4  5  6  7  8  9 10 11 |
---------------+----------------------------------+-----
Maces & Flails | 4 5 7 8 9 10 11 13 14 15 | 15.6
Armour         | 4 6 8 10 13 | 13.0
Fighting       | 4 5 6 8 10 | 10.5
Dodging        | 3 4 5 |  5.4

Action                   |  1- 3 |  4- 6 |  7- 9 | 10-12 || total
-------------------------+-------+-------+-------+-------++-------
Melee: Mace              |    60 |   147 |   344 |   307 ||   858
       Headbutt          |     9 |    25 |    68 |   100 ||   202
       Great mace        |       |       |       |    52 ||    52
Invok: Berserk           |     1 |     2 |     7 |     3 ||    13
  Use: Scroll            |       |     5 |    10 |     4 ||    19
       Potion            |       |       |     3 |     3 ||     6
Armor: Animal skin       |    16 |     9 |       |       ||    25
       Ring mail         |       |    24 |    26 |       ||    50
       Chain mail        |       |       |    37 |       ||    37
       Skin              |       |       |     1 |       ||     1
       Plate armour      |       |       |    71 |   187 ||   258
Dodge: Dodged            |    39 |    87 |   215 |   218 ||   559

Table legend: (Time is in decaauts)
 A = Elapsed time spent in this place.
 B = Non-inter-level travel time spent in this place.
 C = Inter-level travel time spent in this place.
 D = Time resting spent in this place.
 E = Time spent auto-exploring this place.
 F = Levels seen in this place.
 G = Mean time per level.
                   A        B        C        D        E       F      G
               +--------+--------+--------+--------+--------+-----+--------+
         Total |  14219 |  13940 |    279 |   2125 |   9658 |  13 | 1093.8 |
       Dungeon |  14219 |  13940 |    279 |   2125 |   9658 |  13 | 1093.8 |
               +--------+--------+--------+--------+--------+-----+--------+

Top non-repeatable levels by time:
     D:2: 1830 daAuts
    D:12: 1610 daAuts
     D:5: 1490 daAuts
    D:11: 1482 daAuts
     D:3: 1353 daAuts
     D:9: 1205 daAuts
    D:10: 1129 daAuts
     D:7: 1129 daAuts
     D:6: 1025 daAuts
     D:8: 870 daAuts
     D:4: 783 daAuts
     D:1: 215 daAuts
    D:13: 93 daAuts
